 Dungeon Crawl Stone Soup version 0.21.1-1-g345015fe64 (webtiles) character file.

25533 KleinerIrrer the Severer (level 12, -2/110 HPs)
             Began as a Deep Dwarf Fighter on Apr 12, 2018.
             Was an Elder of Makhleb.
             Killed from afar by an oklob plant (13 damage)
             ... with a splash of acid
             ... on level 3 of the Lair of Beasts.
             The game lasted 00:05:13 (12647 turns).

KleinerIrrer the Severer (Deep Dwarf Fighter)      Turns: 12647, Time: 00:05:14

Health: -2/110     AC:  8    Str: 24    XL:     12   Next: 90%
Magic:  10/10      EV:  6    Int: 10    God:    Makhleb [****..]
Gold:   881        SH:  9    Dex: 12    Spells: 11/11 levels left

rFire    + . .     SeeInvis .   Y - +3 war axe
rCold    + . .     Gourm    .   c - +0 shield
rNeg     + . .     Faith    +   b - +0 plate armour
rPois    +         Spirit   .   a - -2 helmet of the Clam {rN+}
rElec    .         Reflect  .   r - +0 cloak
rCorr    .         Harm     .   f - +2 pair of gloves
MR       +....                  y - +0 pair of boots
Stlth    ..........             m - amulet of faith
HPRegen  0.00/turn              n - ring of poison resistance
MPRegen  0.12/turn              C - ring of protection from fire

@: about to teleport, corroded, non-regenerating
A: damage resistance, heal wounds, claws 1, cold resistance 1, sense
surroundings 2, wild magic 1, no regeneration
a: Heal Wounds, Minor Destruction, Lesser Servant of Makhleb, Major Destruction,
Renounce Religion


You were on level 3 of the Lair of Beasts.
You worshipped Makhleb.
Makhleb was greatly pleased with you.
You were not hungry.

You visited 3 branches of the dungeon, and saw 16 of its levels.

You collected 881 gold pieces.


Innate Abilities, Weirdness & Mutations

You are resistant to damage.
You can heal yourself by infusing magical energy.
You passively map the area around you.
You do not regenerate.
You have sharp fingernails.
Your flesh is cold resistant. (rC+)
Your spells are a little harder to cast, but a little more powerful.


   Skills:
 + Level 7.7 Fighting
 - Level 15.0 Axes
 - Level 10.0 Armour
 - Level 4.1 Dodging
 - Level 3.2 Shields
 + Level 14.3 Invocations


You had 11 spell levels left.
You didn't know any spells.

Inventory:

Hand Weapons
 w - a +0 dire flail
 z - a +0 morningstar
 Y - a +3 war axe (weapon)
Armour
 a - the -2 helmet of the Clam (worn) {rN+}
   (You found it on level 5 of the Dungeon)

   It protects you from negative energy.
 b - a +0 plate armour (worn)
 c - a +0 shield (worn)
 f - a +2 pair of gloves (worn)
 r - a +0 cloak (worn)
 y - a +0 pair of boots (worn)
Jewellery
 i - an uncursed ring of fire
 m - an amulet of faith (around neck)
 n - a ring of poison resistance (left hand)
 q - an uncursed ring of poison resistance
 C - a ring of protection from fire (right hand)
Wands
 v - a wand of digging (12)
Scrolls
 j - a scroll of teleportation
 p - 4 scrolls of identify
 u - 4 scrolls of remove curse
Potions
 d - 4 potions of might
 g - a potion of mutation
 k - 5 potions of haste
 s - 3 potions of resistance
 t - 5 potions of curing
 x - a potion of heal wounds
Comestibles
 e - 24 rations

Dungeon Overview and Level Annotations

Branches:
Dungeon (11/15)            Temple (1/1) D:7            Lair (4/6) D:11
 Shoals (0/4) Lair:2        Snake (0/4) Lair:2          Orc (0/2) D:11

Altars:
Ashenzari
Cheibriados
Dithmenos
Elyvilon
Fedhas
Gozag
Hepliaklqana
Kikubaaqudgha
Makhleb
Nemelex Xobeh
Okawaru
Qazlal
Ru
Sif Muna
Trog
Uskayaw
Vehumet
Wu Jian
Xom
Yredelemnul
Zin
The Shining One
Beogh

Annotations:
D:3 1 runed door
D:5 2 transporters
D:6 2 transporters


Message History

The splash of acid hits you! The acid corrodes you!
You are splashed with acid!
The acid burns!
The oklob plant spits acid at you. The splash of acid hits you!
You are splashed with acid!
The acid burns!
The oklob plant spits acid at you. The splash of acid hits you!
You are splashed with acid!
The acid burns!
12646 ||| INVOKING Heal Wounds.
You feel much better. The oklob plant spits acid at you.
The splash of acid hits you! The acid corrodes you!
You are splashed with acid!
The acid burns!
The oklob plant spits acid at you. The splash of acid hits you!
You are splashed with acid!
The acid burns!
The oklob plant spits acid at you. The splash of acid hits you!
You are splashed with acid!
The acid burns!
12647 ||| READING 2 scrolls of teleportation.
As you read the scroll of teleportation, it crumbles to dust.
You feel strangely unstable. The oklob plant spits acid at you.
The splash of acid hits you!
You die...

##....(## ##....#
#....##### # ,* ###
##......#.####.##
##.###................
...).................. *
...............###### *
..............)...P)#,
................@.$.#
................[P..#
...............PP!..#
...............######.##
.####.P[........<.......*
## ###.......P.#...P.#. #
##....####..#####.#
#......# #### #P....##


You could see 3 oklob plants.

Vanquished Creatures
  Josephine (D:11)
  The ghost of VanClaymore the Basher, a journeyman GrMo of the Shining One (D:11)
  2 hydras (Lair:3)
  3 two-headed ogres
  A black mamba (Lair:4)
  Psyche (D:11)
  A gargoyle (D:11)
  2 spiny frogs (Lair:3)
  3 rime drakes
  5 komodo dragons
  A troll (D:9)
  A merfolk (Lair:2)
  2 polar bears (Lair:3)
  4 dream sheep (Lair:2)
  A meliai zombie (D:11)
  7 blink frogs
  3 hippogriffs
  A hornet (D:10)
  Sigmund (D:3)
  3 wraiths (D:11)
  4 wyverns
  4 water elementals (D:11)
  16 yaks
  3 hungry ghosts
  2 basilisks (Lair:3)
  4 nagas (Lair:2)
  A soldier ant (D:8)
  3 water moccasins
  4 porcupines
  4 ice beasts
  3 orc warriors (D:11)
  3 phantoms
  4 sky beasts
  A black bear (D:8)
  An eye of draining (D:9)
  5 wolves (Lair:4)
  6 ogres
  3 necrophages
  5 centaurs
  10 crocodiles
  2 big kobolds
  14 bullfrogs
  A gnoll sergeant (D:5)
  6 scorpions
  A wyvern skeleton (D:9)
  8 killer bees (D:7)
  6 crimson imps
  A bullfrog zombie (D:11)
  7 hounds
  A quasit (D:10)
  A jelly (D:7)
  A bullfrog skeleton (D:8)
  7 orc wizards
  A centaur zombie (D:10)
  5 orc priests
  2 centaur skeletons
  3 iguanas
  16 worker ants
  A hound skeleton (D:7)
  12 gnolls
  A howler monkey skeleton (D:4)
  11 adders
  2 shadow imps
  12 white imps (Lair:2)
  An ooze (D:3)
  An adder skeleton (D:9)
  An adder zombie (D:6)
  A worm (D:3)
  3 dart slugs
  2 leopard geckos
  47 orcs
  2 ball pythons
  7 bats
  7 giant cockroaches
  7 goblins
  7 hobgoblins
  14 jackals
  12 kobolds
  A quokka (D:3)
  5 frilled lizards
  A jackal skeleton (D:4)
  A leopard gecko skeleton (D:8)
  A leopard gecko zombie (D:9)
  3 quokka skeletons
  9 rats
  A butterfly (Lair:3)
  3 plants
389 creatures vanquished.

Vanquished Creatures (others)
  A fungus (Lair:4)
  2 plants
3 creatures vanquished.

Grand Total: 392 creatures vanquished

Notes
Turn   | Place    | Note
-------+----------+-------------------------------------------
     0 | D:1      | KleinerIrrer the Deep Dwarf Fighter began the quest for the Orb.
     0 | D:1      | Reached XP level 1. HP: 20/20 MP: 1/1
     0 | D:1      | 0 ||| counter = 71
   163 | D:1      | Reached skill level 3 in Axes
   242 | D:1      | Reached XP level 2. HP: 27/27 MP: 2/2
   369 | D:1      | Reached skill level 1 in Dodging
   811 | D:1      | Reached XP level 3. HP: 33/33 MP: 3/3
  1046 | D:1      | 1046 ||| READING scroll labeled ESHONAIZIH.
  1052 | D:1      | 1052 ||| READING scroll labeled KUUREL PETE.
  1053 | D:1      | 1053 ||| READING scroll labeled XILISACVA VEXT.
  1088 | D:2      | Found a glowing golden altar of the Shining One.
  1227 | D:2      | Reached skill level 4 in Axes
  1349 | D:2      | Reached XP level 4. HP: 30/40 MP: 4/4
  1608 | D:2      | 1608 ||| UPGRADING to chain mail.
  1618 | D:2      | 1618 ||| DROPPING +0 scale mail.
  1619 | D:2      | 1619 ||| READING scroll labeled AFFIUV IQIE.
  1620 | D:2      | 1620 ||| READING scroll of identify.
  1620 | D:2      | 1620 ||| IDENTIFYING iron ring
  1746 | D:3      | Reached skill level 5 in Axes
  1756 | D:3      | 1756 ||| DROPPING club.
  1786 | D:3      | Found a hazy altar of Hepliaklqana.
  1786 | D:3      | Noticed Sigmund
  1797 | D:3      | 1797 ||| INVOKING Heal Wounds.
  1798 | D:3      | Killed Sigmund
  1798 | D:3      | Reached skill level 6 in Axes
  1798 | D:3      | Reached XP level 5. HP: 46/46 MP: 5/5
  1798 | D:3      | Reached XP level 6. HP: 55/55 MP: 6/6
  1937 | D:3      | 1937 ||| UPGRADING to whip.
  1938 | D:3      | 1938 ||| SWAPPING to +0 war axe.
  1983 | D:3      | Found a runed door.
  2054 | D:3      | Reached skill level 7 in Axes
  2268 | D:3      | 2268 ||| READING scroll labeled HYERHY BEETO.
  2269 | D:3      | 2269 ||| READING scroll labeled OTINKYGOAS.
  2270 | D:3      | 2270 ||| DRINKING 4 amethyst potions.
  2271 | D:3      | 2271 ||| DRINKING 3 dark potions.
  2294 | D:4      | 2294 ||| STAIRDANCE
  2348 | D:4      | Noticed an ice beast
  2352 | D:4      | 2352 ||| STAIRDANCE
  2360 | D:3      | 2360 ||| INVOKING Heal Wounds.
  2362 | D:3      | Killed an ice beast
  2362 | D:3      | Reached skill level 8 in Axes
  2415 | D:4      | Reached skill level 3 in Fighting
  2415 | D:4      | Reached XP level 7. HP: 43/62 MP: 6/6
  2493 | D:4      | Found a shattered altar of Ashenzari.
  2493 | D:4      | Found a radiant altar of Vehumet.
  2505 | D:4      | 2505 ||| INVOKING Heal Wounds.
  2601 | D:4      | Reached skill level 9 in Axes
  2721 | D:4      | 2721 ||| INVOKING Heal Wounds.
  2828 | D:4      | 2828 ||| INVOKING Heal Wounds.
  3032 | D:4      | 3032 ||| DROPPING +0 whip.
  3033 | D:4      | 3033 ||| UPGRADING to flail.
  3034 | D:4      | 3034 ||| SWAPPING to +1 war axe.
  3097 | D:4      | 3097 ||| UPGRADING to plate armour.
  3107 | D:4      | 3107 ||| DROPPING +0 chain mail.
  3108 | D:4      | 3108 ||| UPGRADING to cloak.
  3113 | D:4      | 3113 ||| DRINKING 3 fuming inky potions.
  3114 | D:4      | 3114 ||| DROPPING 2 potions of degeneration.
  3155 | D:5      | Entered Level 5 of the Dungeon
  3215 | D:5      | Found a transporter.
  3253 | D:5      | Reached XP level 8. HP: 38/69 MP: 7/7
  3258 | D:5      | 3258 ||| INVOKING Heal Wounds.
  3275 | D:5      | 3275 ||| INVOKING Heal Wounds.
  3276 | D:5      | 3276 ||| INVOKING Heal Wounds.
  3380 | D:5      | Reached skill level 10 in Axes
  3397 | D:5      | Found a transporter.
  3511 | D:5      | Found an ancient bone altar of Kikubaaqudgha.
  3526 | D:5      | Got an encrusted helmet
  3879 | D:5      | 3879 ||| UPGRADING to encrusted helmet.
  3884 | D:5      | Identified the cursed -2 helmet of the Clam {rN+} (You found it on level 5 of the Dungeon)
  3884 | D:5      | 3884 ||| UPGRADING to pair of gloves.
  3889 | D:5      | 3889 ||| READING scroll of remove curse.
  3890 | D:5      | 3890 ||| DRINKING 2 blue potions.
  3891 | D:5      | 3891 ||| READING scroll of identify.
  3891 | D:5      | 3891 ||| IDENTIFYING thick beryl amulet
  3892 | D:5      | 3892 ||| UPGRADING to amulet of faith.
  3893 | D:5      | 3893 ||| DROPPING potion of agility.
  3948 | D:6      | 3948 ||| INVOKING Heal Wounds.
  4159 | D:6      | Reached skill level 6 in Armour
  4327 | D:6      | Found a transporter.
  4446 | D:6      | Found a transporter.
  4446 | D:6      | Noticed a kobold demonologist
  4553 | D:6      | Gained mutation: You passively map the area around you. [Deep Dwarf growth]
  4553 | D:6      | Reached XP level 9. HP: 53/78 MP: 8/8
  4675 | D:6      | 4675 ||| UPGRADING to pair of boots.
  4680 | D:6      | 4680 ||| READING scroll labeled IGHADI KANNO.
  4681 | D:6      | 4681 ||| READING 2 scrolls of identify.
  4681 | D:6      | 4681 ||| IDENTIFYING granite ring
  4682 | D:6      | 4682 ||| UPGRADING to ring of poison resistance.
  4683 | D:6      | 4683 ||| READING scroll of identify.
  4683 | D:6      | 4683 ||| IDENTIFYING ring of poison resistance
  4737 | D:7      | 4737 ||| INVOKING Heal Wounds.
  4787 | D:7      | Reached skill level 11 in Axes
  4888 | D:7      | 4888 ||| INVOKING Heal Wounds.
  4900 | D:7      | 4900 ||| INVOKING Heal Wounds.
  5021 | D:7      | 5021 ||| INVOKING Heal Wounds.
  5029 | D:7      | 5029 ||| DROPPING +0 flail.
  5030 | D:7      | 5030 ||| UPGRADING to morningstar.
  5031 | D:7      | 5031 ||| SWAPPING to +1 war axe.
  5242 | D:7      | Reached skill level 3 in Dodging
  5251 | D:7      | Found a staircase to the Ecumenical Temple.
  5275 | Temple   | Entered the Ecumenical Temple
  5276 | Temple   | 5276 ||| Entered T.
  5345 | Temple   | Became a worshipper of Makhleb the Destroyer
  5362 | Temple   | 5362 ||| READING scroll labeled TADURESA QEAD.
  5363 | Temple   | 5363 ||| DROPPING wand of random effects (21).
  5472 | D:7      | Reached skill level 1 in Invocations
  5477 | D:7      | 5477 ||| INVOKING Heal Wounds.
  5730 | D:7      | Reached skill level 3 in Invocations
  5827 | D:8      | Noticed a two-headed ogre
  5833 | D:8      | 5833 ||| INVOKING Heal Wounds.
  5840 | D:8      | 5840 ||| INVOKING Heal Wounds.
  5841 | D:8      | Killed a two-headed ogre
  5841 | D:8      | Reached skill level 12 in Axes
  5893 | D:8      | 5893 ||| INVOKING Heal Wounds.
  6001 | D:8      | Reached XP level 10. HP: 63/88 MP: 11/11
  6068 | D:8      | Reached * piety under Makhleb
  6420 | D:8      | 6420 ||| READING scroll of enchant armour.
  6420 | D:8      | 6420 ||| ENCHANTING +0 pair of gloves.
  6596 | D:8      | 6596 ||| READING scroll labeled ZIBINO XUDAYTI.
  6647 | D:9      | 6647 ||| INVOKING Heal Wounds.
  6761 | D:9      | Reached skill level 6 in Fighting
  7097 | D:9      | 7097 ||| INVOKING Heal Wounds.
  7240 | D:9      | 7240 ||| INVOKING Heal Wounds.
  7585 | D:9      | 7585 ||| READING 5 scrolls of identify.
  7585 | D:9      | 7585 ||| IDENTIFYING glowing ruby potion
  7586 | D:9      | 7586 ||| READING 4 scrolls of identify.
  7586 | D:9      | 7586 ||| IDENTIFYING smoky pink potion
  7587 | D:9      | 7587 ||| READING 3 scrolls of identify.
  7587 | D:9      | 7587 ||| IDENTIFYING lumpy red potion
  7588 | D:9      | 7588 ||| READING 2 scrolls of identify.
  7588 | D:9      | 7588 ||| IDENTIFYING white potion
  7589 | D:9      | 7589 ||| DROPPING potion of berserk rage.
  7590 | D:9      | 7590 ||| DROPPING potion of brilliance.
  7620 | D:10     | Entered Level 10 of the Dungeon
  7670 | D:10     | 7670 ||| INVOKING Heal Wounds.
  7689 | D:10     | Reached ** piety under Makhleb
  7689 | D:10     | Reached skill level 13 in Axes
  7704 | D:10     | Reached skill level 6 in Invocations
  7711 | D:10     | 7711 ||| EATING 18 rations.
  7946 | D:10     | 7946 ||| READING scroll of enchant armour.
  7946 | D:10     | 7946 ||| ENCHANTING +1 pair of gloves.
  7959 | D:10     | 7959 ||| READING scroll of enchant weapon.
  7959 | D:10     | 7959 ||| ENCHANTING +1 war axe.
  8067 | D:10     | Reached skill level 9 in Armour
  8083 | D:10     | Reached XP level 11. HP: 84/97 MP: 11/11
  8321 | D:10     | 8321 ||| EATING 17 rations.
  8326 | D:10     | 8326 ||| EATING 17 rations.
  8437 | D:11     | Noticed Psyche
  8449 | D:11     | 8449 ||| DRINKING 2 potions of curing.
  8449 | D:11     | 8449 ||| (to cure confusion)
  8451 | D:11     | Killed Psyche
  8461 | D:11     | 8461 ||| INVOKING Heal Wounds.
  8474 | D:11     | Noticed Josephine
  8500 | D:11     | Killed Josephine
  8500 | D:11     | Reached *** piety under Makhleb
  8578 | D:11     | Reached skill level 9 in Invocations
  8579 | D:11     | 8579 ||| INVOKING Heal Wounds.
  8686 | D:11     | 8686 ||| INVOKING Heal Wounds.
  8698 | D:11     | 8698 ||| INVOKING Heal Wounds.
  8834 | D:11     | Noticed VanClaymore's ghost (journeyman GrMo)
  8865 | D:11     | 8865 ||| INVOKING Heal Wounds.
  8879 | D:11     | 8879 ||| INVOKING Heal Wounds.
  8881 | D:11     | Killed VanClaymore's ghost
  8881 | D:11     | Reached skill level 14 in Axes
  8938 | D:11     | 8938 ||| INVOKING Heal Wounds.
  8942 | D:11     | Noticed a two-headed ogre
  8962 | D:11     | Killed a two-headed ogre
  8965 | D:11     | 8965 ||| INVOKING Heal Wounds.
  9119 | D:11     | Found a roughly hewn altar of Beogh.
  9127 | D:11     | Found a staircase to the Orcish Mines.
  9280 | D:11     | Noticed a two-headed ogre
  9293 | D:11     | Killed a two-headed ogre
  9436 | D:11     | Found a staircase to the Lair.
  9605 | D:11     | 9605 ||| READING scroll labeled IFUDGHO BOKOSO.
  9606 | D:11     | 9606 ||| READING 3 scrolls of identify.
  9606 | D:11     | 9606 ||| IDENTIFYING fizzy cyan potion
  9607 | D:11     | 9607 ||| DROPPING potion of lignification.
  9664 | Lair:1   | Entered Level 1 of the Lair of Beasts
  9665 | Lair:1   | 9665 ||| Entered L.
  9688 | Lair:1   | Reached **** piety under Makhleb
 10203 | Lair:1   | 10203 ||| UPGRADING to tourmaline ring.
 10204 | Lair:1   | 10204 ||| REMOVING +3 ring of intelligence.
 10205 | Lair:1   | 10205 ||| DROPPING +3 ring of intelligence.
 10206 | Lair:1   | 10206 ||| READING scroll labeled ZOHINEJATA.
 10207 | Lair:1   | 10207 ||| READING 4 scrolls of identify.
 10207 | Lair:1   | 10207 ||| IDENTIFYING viscous coppery potion
 10217 | Lair:2   | Found a staircase to the Snake Pit.
 10220 | Lair:2   | 10220 ||| Stepping ~*~*~tactically~*~*~ (water).
 10222 | Lair:2   | 10222 ||| Stepping ~*~*~tactically~*~*~ (water).
 10232 | Lair:2   | Reached XP level 12. HP: 83/109 MP: 14/14
 10309 | Lair:2   | 10309 ||| READING scroll of enchant weapon.
 10309 | Lair:2   | 10309 ||| ENCHANTING +2 war axe.
 10397 | Lair:2   | Reached skill level 12 in Invocations
 10626 | Lair:2   | Found a frozen archway.
 10650 | Lair:2   | Reached ***** piety under Makhleb
 10799 | Lair:2   | Found a staircase to the Shoals.
 10800 | Lair:2   | 10800 ||| Stepping ~*~*~tactically~*~*~ (water).
 10802 | Lair:2   | 10802 ||| Stepping ~*~*~tactically~*~*~ (water).
 11071 | Lair:2   | You fall through a shaft for 2 floors!
 11072 | Lair:4   | 11072 ||| Shafted from Lair:2 to Lair:4.
 11206 | Lair:4   | Noticed a six-headed hydra
 11207 | Lair:4   | 11207 ||| INVOKING Greater Servant of Makhleb.
 11207 | Lair:4   | Noticed a cacodemon
 11208 | Lair:4   | 11208 ||| READING 8 scrolls of teleportation.
 11209 | Lair:4   | 11209 ||| INVOKING MAJOR DESTRUCTION
 11209 | Lair:4   | Gained mutation: You are dopey. (Int -2) [a cacodemon]
 11210 | Lair:4   | 11210 ||| INVOKING MAJOR DESTRUCTION
 11211 | Lair:4   | 11211 ||| INVOKING MAJOR DESTRUCTION
 11212 | Lair:4   | 11212 ||| INVOKING Heal Wounds.
 11216 | Lair:4   | 11216 ||| INVOKING Heal Wounds.
 11235 | Lair:4   | 11235 ||| READING 7 scrolls of teleportation.
 11316 | Lair:4   | 11316 ||| INVOKING Heal Wounds.
 11318 | Lair:4   | 11318 ||| INVOKING Heal Wounds.
 11349 | Lair:4   | Reached skill level 15 in Axes
 11378 | Lair:4   | 11378 ||| INVOKING Greater Servant of Makhleb.
 11378 | Lair:4   | Noticed a cacodemon
 11379 | Lair:4   | 11379 ||| READING 6 scrolls of teleportation.
 11379 | Lair:4   | Gained mutation: Scrolls take you a little longer to read. [a cacodemon]
 11380 | Lair:4   | 11380 ||| INVOKING MAJOR DESTRUCTION
 11381 | Lair:4   | 11381 ||| INVOKING MAJOR DESTRUCTION
 11382 | Lair:4   | 11382 ||| INVOKING MAJOR DESTRUCTION
 11383 | Lair:4   | 11383 ||| INVOKING MAJOR DESTRUCTION
 11384 | Lair:4   | 11384 ||| INVOKING Heal Wounds.
 11385 | Lair:4   | 11385 ||| INVOKING Heal Wounds.
 11480 | Lair:4   | 11480 ||| DRINKING 2 potions of mutation.
 11480 | Lair:4   | Lost mutation: Scrolls take you a little longer to read. [potion of mutation]
 11480 | Lair:4   | Lost mutation: You are dopey. (Int -2) [potion of mutation]
 11480 | Lair:4   | Gained mutation: You have sharp fingernails. [potion of mutation]
 11480 | Lair:4   | Gained mutation: Your spells are a little harder to cast, but a little more powerful. [potion of mutation]
 11480 | Lair:4   | Gained mutation: Your flesh is cold resistant. (rC+) [potion of mutation]
 11604 | Lair:2   | 11604 ||| Successfully unshafted to Lair:2.
 11671 | Lair:2   | 11671 ||| UPGRADING to coral ring.
 11672 | Lair:2   | 11672 ||| READING scroll labeled WONKEE CILURIR.
 11685 | Lair:3   | 11685 ||| STAIRDANCE
 11706 | Lair:3   | 11706 ||| STAIRDANCE
 11737 | Lair:3   | 11737 ||| INVOKING Greater Servant of Makhleb.
 11737 | Lair:3   | Noticed a cacodemon
 11738 | Lair:3   | 11738 ||| READING 5 scrolls of teleportation.
 11759 | Lair:3   | 11759 ||| DRINKING 3 potions of cancellation.
 11770 | Lair:3   | 11770 ||| READING 4 scrolls of teleportation.
 11902 | Lair:3   | Noticed a seven-headed hydra
 11911 | Lair:3   | Noticed a five-headed hydra
 11911 | Lair:3   | 11911 ||| INVOKING MAJOR DESTRUCTION
 11912 | Lair:3   | 11912 ||| INVOKING MAJOR DESTRUCTION
 11913 | Lair:3   | 11913 ||| INVOKING MAJOR DESTRUCTION
 11914 | Lair:3   | 11914 ||| INVOKING MAJOR DESTRUCTION
 11915 | Lair:3   | 11915 ||| INVOKING MAJOR DESTRUCTION
 11916 | Lair:3   | 11916 ||| INVOKING MAJOR DESTRUCTION
 11917 | Lair:3   | 11917 ||| INVOKING Heal Wounds.
 11918 | Lair:3   | 11918 ||| INVOKING MAJOR DESTRUCTION
 11919 | Lair:3   | 11919 ||| INVOKING MAJOR DESTRUCTION
 11919 | Lair:3   | Killed a five-headed hydra
 11920 | Lair:3   | 11920 ||| INVOKING Heal Wounds.
 11921 | Lair:3   | 11921 ||| INVOKING MAJOR DESTRUCTION
 11922 | Lair:3   | 11922 ||| INVOKING Heal Wounds.
 11923 | Lair:3   | 11923 ||| INVOKING MAJOR DESTRUCTION
 11923 | Lair:3   | Killed a seven-headed hydra
 11924 | Lair:3   | 11924 ||| INVOKING Heal Wounds.
 11933 | Lair:3   | 11933 ||| INVOKING Heal Wounds.
 12084 | Lair:3   | 12084 ||| DRINKING 2 potions of cancellation.
 12089 | Lair:3   | 12089 ||| DRINKING potion of cancellation.
 12252 | Lair:3   | 12252 ||| INVOKING Heal Wounds.
 12256 | Lair:3   | 12256 ||| READING 4 scrolls of teleportation.
 12257 | Lair:3   | 12257 ||| INVOKING Heal Wounds.
 12258 | Lair:3   | 12258 ||| INVOKING Heal Wounds.
 12384 | Lair:3   | 12384 ||| INVOKING Heal Wounds.
 12502 | Lair:3   | 12502 ||| INVOKING Heal Wounds.
 12505 | Lair:3   | 12505 ||| READING 3 scrolls of teleportation.
 12505 | Lair:3   | HP: 27/110 [acid (11)]
 12505 | Lair:3   | HP: 5/110 [acid (15)]
 12506 | Lair:3   | 12506 ||| DRINKING 3 potions of heal wounds.
 12507 | Lair:3   | 12507 ||| DRINKING 2 potions of heal wounds.
 12508 | Lair:3   | 12508 ||| INVOKING Heal Wounds.
 12509 | Lair:3   | 12509 ||| INVOKING Heal Wounds.
 12636 | Lair:3   | 12636 ||| INVOKING Heal Wounds.
 12638 | Lair:3   | 12638 ||| INVOKING Heal Wounds.
 12643 | Lair:3   | 12643 ||| INVOKING Heal Wounds.
 12644 | Lair:3   | 12644 ||| INVOKING Heal Wounds.
 12646 | Lair:3   | 12646 ||| INVOKING Heal Wounds.
 12646 | Lair:3   | HP: 21/110 [acid (7)]
 12647 | Lair:3   | 12647 ||| READING 2 scrolls of teleportation.
 12647 | Lair:3   | Killed from afar by an oklob plant

Vault maps used:
D:1:      minmay_arrival_four_circles
D:2:      lemuel_crystal_altar
D:3:      old_standard_altar, uniq_sigmund, uniq_crazy_yiuf_cottage
D:4:      gammafunk_temple_overflow_pools, amethyst_killhole,
          roderic_roman_lattice
D:5:      gammafunk_cloud_chamber, lemuel_doored_altar, first_ration,
          grunt_ministairs_6
D:6:      gammafunk_wand_slinger
D:7:      minmay_temple_entry_trees
D:8:      blue_anna_alchemist
D:11:     lair_entry_dummy, david_orc_5, nicolae_underground_beach, uniq_psyche,
          uniq_josephine
Temple:   minmay_crystal_spiral_temple
Lair:2:   elwin_shoals_entry_rooms, guppyfry_snake_entry_island,
          portal_ice_cave_entry_imps, patterned_corridor
Lair:3:   lemuel_fruit_fields, minmay_lair_oklob_chamber
Lair:4:   grunt_megastairs_3

Skill      XL: |  1  2  3  4  5  6  7  8  9 10 11 12 |
---------------+-------------------------------------+-----
Axes           | 3 4 6 8 9 10 12 13 14 15 | 15.0
Dodging        | 1 2 3 4 |  4.1
Fighting       | 3 4 5 6 7 |  7.7
Armour         | 6 7 9 10 | 10.0
Invocations    | 5 7 11 14 | 14.3
Shields        | |  3.2

Action                   |  1- 3 |  4- 6 |  7- 9 | 10-12 || total
-------------------------+-------+-------+-------+-------++-------
Melee: War axe           |   142 |   129 |   446 |  1021 ||  1738
Throw: Tomahawk          |       |    14 |   105 |   151 ||   270
Invok: Major Destruction |       |       |       |    17 ||    17
       Greater Servant o |       |       |       |     3 ||     3
 Abil: Heal Wounds       |       |     2 |    14 |    35 ||    51
  Use: Scroll            |     3 |     4 |     6 |    22 ||    35
       Potion            |       |     2 |     2 |     7 ||    11
  Eat: Chunk             |     2 |     3 |    12 |    28 ||    45
       Ration            |       |       |       |     1 ||     1
Armor: Scale mail        |    58 |    13 |       |       ||    71
       Chain mail        |       |    42 |    18 |       ||    60
       Plate armour      |       |       |   240 |   459 ||   699
Dodge: Dodged            |    52 |    23 |   107 |   154 ||   336
Block: Shield            |    77 |    62 |   245 |   364 ||   748

Table legend:
 A = Spawn XP
 B = Non-spawn XP
 C = Spawn XP percentage of total XP
 D = Spawn monster count
 E = Non-spawn monster count
 F = Spawn count percentage of total count
 G = Total turns spent on level
                    A         B        C        D         E        F      G
               +---------+---------+-------+---------+---------+-------+---------
         Total |       0 |   36477 |   0.0 |       0 |     385 |   0.0 | 12647
               +---------+---------+-------+---------+---------+-------+---------
           D:1 |       0 |      47 |   0.0 |       0 |      25 |   0.0 |  1088
           D:2 |       0 |      72 |   0.0 |       0 |      23 |   0.0 |   565
           D:3 |       0 |     595 |   0.0 |       0 |      29 |   0.0 |   738
           D:4 |       0 |     660 |   0.0 |       0 |      18 |   0.0 |   764
           D:5 |       0 |     733 |   0.0 |       0 |      20 |   0.0 |   781
           D:6 |       0 |     710 |   0.0 |       0 |      27 |   0.0 |   770
           D:7 |       0 |    1699 |   0.0 |       0 |      38 |   0.0 |   948
           D:8 |       0 |    1937 |   0.0 |       0 |      14 |   0.0 |   804
           D:9 |       0 |    1838 |   0.0 |       0 |      21 |   0.0 |   989
          D:10 |       0 |    3444 |   0.0 |       0 |      33 |   0.0 |   812
          D:11 |       0 |    7945 |   0.0 |       0 |      52 |   0.0 |  1232
        Lair:1 |       0 |    1994 |   0.0 |       0 |      11 |   0.0 |   553
        Lair:2 |       0 |    4437 |   0.0 |       0 |      35 |   0.0 |   954
        Lair:3 |       0 |    7358 |   0.0 |       0 |      25 |   0.0 |  1006
        Lair:4 |       0 |    3008 |   0.0 |       0 |      14 |   0.0 |   470
               +---------+---------+-------+---------+---------+-------+---------
